 Dungeon Crawl Stone Soup version 0.29-a0-296-gda187f2e07 (webtiles) character file.

Game seed: 9037710811015136032

223 Keinsiegistauchsieg the Ruffian (level 5, -1/50 HPs)
             Began as a Troll Fighter on Mar 19, 2022.
             Killed by divine providence
             ... invoked by an orc priest
              (12 damage)
             ... on level 4 of the Dungeon.
             The game lasted 00:02:57 (1809 turns).

Keinsiegistauchsieg the Ruffian (Troll Fighter)     Turns: 1809, Time: 00:02:57

Health: -1/50      AC:  5    Str: 26    XL:     5   Next: 66%
Magic:  4/4        EV:  9    Int:  4    God:
Gold:   172        SH:  7    Dex:  9    Spells: 4/4 levels left

rFire   . . .      SeeInvis .     - Unarmed
rCold   . . .      Faith    .   b - +0 kite shield
rNeg    . . .      Spirit   .   a - +0 robe
rPois   .          Reflect  .   (helmet restricted)
rElec   .          Harm     .   j - +0 cloak
rCorr   .          Rampage  .   (gloves unavailable)
Will    .....                   (boots unavailable)
Stlth   +.........              (no amulet)
HPRegen 0.96/turn               (no ring)
MPRegen 0.09/turn               (no ring)

@: no status effects
A: large, unfitting armour, claws 3, regeneration 1, shaggy fur 1, tough skin 1
a: no special abilities


You were on level 4 of the Dungeon.
You visited 1 branch of the dungeon, and saw 4 of its levels.

You collected 172 gold pieces.

Inventory:

Armour
 a - a +0 robe (worn)
 b - a +0 kite shield (worn)
 g - a +0 pair of gloves
 j - a +0 cloak (worn)
Wands
 k - a wand of iceblast (9)
Scrolls
 c - a scroll of fear
 e - 3 scrolls of teleportation
 h - a scroll of blinking
 i - a scroll of enchant weapon
Potions
 d - a potion of curing
 f - a potion of magic


   Skills:
 + Level 2.7 Fighting
 * Level 1.7 Armour
 + Level 3.2 Dodging
 + Level 0.2 Stealth
 + Level 3.3 Shields
 + Level 3.5 Unarmed Combat


You had 4 spell levels left.
You didn't know any spells.
Your spell library contained the following spells:

 Spells                   Type           Power      Damage    Failure   Level
 Summon Small Mammal      Summ           0%         N/A       80%         1
 Call Canine Familiar     Summ           0%         N/A       99%         3
 Portal Projectile        Hex/Tloc       0%         N/A       99%         3
 Summon Guardian Golem    Hex/Summ       0%         N/A       99%         3
 Leda's Liquefaction      Hex/Erth       0%         N/A       100%        4


Dungeon Overview and Level Annotations

Branches:
Dungeon (4/15)
 Temple: D:4-7

Altars:
Hepliaklqana
Sif Muna
Vehumet
The Shining One


Innate Abilities, Weirdness & Mutations

You are too large for most types of armour.
You have claws for hands.
Your natural rate of healing is unusually fast.
You are covered in fur. (AC +1)
You have tough skin. (AC +1)


Message History

The orc priest invokes the aid of Beogh against you.
Beogh smites you!
You claw something!
Reactivating autopickup.
You feel a bit more experienced.
You scratch the orc priest.
The orc priest is moderately wounded.
The orc priest hits you but does no damage.
The orc priest calls down the wrath of Beogh upon you.
Beogh smites you!
You scratch the orc priest.
The orc priest is heavily wounded.
The orc priest hits you with a +0 whip.
Unknown command.
You scratch the orc priest.
The orc priest is almost dead.
The orc priest calls down the wrath of Beogh upon you.
Pain shoots through your body!
Unknown command.
You closely miss the orc priest.
The orc priest is almost dead.
The orc priest calls down the wrath of Beogh upon you.
Beogh smites you!
* * * LOW HITPOINT WARNING * * *
You closely miss the orc priest.
The orc priest is almost dead.
The orc priest looks encouraged for a moment.
Unknown command.
You scratch the orc priest but do no damage.
The orc priest is almost dead.
The orc priest closely misses you.
Unknown command.
You barely miss the orc priest.
The orc priest is almost dead.
The orc priest mumbles some strange prayers to Beogh against you.
Pain shoots through your body!
* * * LOW HITPOINT WARNING * * *
The orc priest calls down the wrath of Beogh upon you.
Beogh smites you!
You die...

## .# ..### #.#.##.#..
##.##..#.# #......?.
#.......
#..#...#####.#.#.
#..##....@oo.....
#.####..##..####.._...
#................_8_..
########.###..###..._...
#.............# ?....
#.######.###..# .. #.#
#.# #..# . #.# #[# #..#
#.# #.# #..#


You could see 2 orc priests.

Vanquished Creatures
  An ice beast (D:3)
  An orc wizard (D:4)
  3 adders
  6 dart slugs
  3 orcs (D:3)
  3 ball pythons
  2 endoplasms
  2 giant cockroaches
  6 goblins
  8 hobgoblins
  8 kobolds
  6 quokkas
  5 bats
  6 frilled lizards
  5 rats
65 creatures vanquished.

Vanquished Creatures (others)
  4 plants (D:2)
4 creatures vanquished.

Grand Total: 69 creatures vanquished

Notes
Turn   | Place    | Note
-------+----------+-------------------------------------------
     0 | D:1      | Keinsiegistauchsieg the Troll Fighter began the quest for
                  | the Orb.
     0 | D:1      | Reached XP level 1. HP: 22/22 MP: 0/0
   134 | D:1      | Reached XP level 2. HP: 29/29 MP: 1/1
   447 | D:2      | Reached XP level 3. HP: 36/36 MP: 2/2
   941 | D:2      | Found a faded altar of an unknown god.
  1217 | D:3      | Reached skill level 1 in Armour
  1348 | D:3      | Reached XP level 4. HP: 44/44 MP: 3/3
  1435 | D:3      | Noticed an ice beast
  1461 | D:3      | Killed an ice beast
  1462 | D:3      | Reached XP level 5. HP: 35/50 MP: 4/4
  1793 | D:4      | Found a hazy altar of Hepliaklqana.
  1796 | D:4      | Found a radiant altar of Vehumet.
  1797 | D:4      | Found a glowing golden altar of the Shining One.
  1797 | D:4      | Found a shimmering blue altar of Sif Muna.
  1809 | D:4      | Killed from afar by an orc priest

Illustrated notes

Levels and vault maps discovered:
D:1:      onia_arrival_mini_spirals, layout_rooms
D:2:      layout_loops_cross, shapermc_ecumenical_altar_mp_ritualfount,
          dreamdust_princess_bridge, hangedman_abyss_or_decor_stabs
D:3:      minmay_octagon_keep, layout_rooms
D:4:      layout_loops_ring, chequers_temple_overflow_statue_of_worship

Skill      XL: |  1  2  3  4 |
---------------+-------------+-----
Armour         | 1 |  1.7
Dodging        | 3 |  3.2
Shields        | 3 |  3.3
Unarmed Combat | 3 |  3.5
Fighting       | |  2.7
Stealth        | |  0.2

Action                   |  1- 3 |  4- 6 || total
-------------------------+-------+-------++-------
Melee: Unarmed           |   113 |    55 ||   168
  Use: Scroll            |       |     6 ||     6
       Potion            |       |     1 ||     1
 Stab: Sleeping          |     1 |       ||     1
Armor: Robe              |    33 |    35 ||    68
Dodge: Dodged            |    48 |    22 ||    70
Block: Kite shield       |    35 |    30 ||    65

Table legend: (Time is in decaauts)
 A = Elapsed time spent in this place.
 B = Non-inter-level travel time spent in this place.
 C = Inter-level travel time spent in this place.
 D = Time resting spent in this place.
 E = Time spent auto-exploring this place.
 F = Levels seen in this place.
 G = Mean time per level.
                   A        B        C        D        E       F      G
               +--------+--------+--------+--------+--------+-----+--------+
         Total |   1824 |   1777 |     47 |      0 |   1284 |   4 |  456.0 |
       Dungeon |   1824 |   1777 |     47 |      0 |   1284 |   4 |  456.0 |
               +--------+--------+--------+--------+--------+-----+--------+

Top non-repeatable levels by time:
     D:2: 685 daAuts
     D:3: 531 daAuts
     D:1: 440 daAuts
     D:4: 166 daAuts
